 Dungeon Crawl Stone Soup version 0.27.1-1-g398f81649c (webtiles) character file.

Game seed: 14464146265682653896

3217 Borgoz the Carver (level 9, -2/81 HPs)
             Began as a Minotaur Berserker on Sept 19, 2021.
             Was a Priest of Trog.
             Killed by nerve-wracking pain
             ... invoked by an orc priest
              (11 damage)
             ... on level 8 of the Dungeon.
             The game lasted 00:06:21 (7132 turns).

Borgoz the Carver (Minotaur Berserker)              Turns: 7132, Time: 00:06:22

Health: -2/81      AC: 10    Str: 22    XL:     9   Next: 65%
Magic:  8/8        EV: 14    Int:  4    God:    Trog [***...]
Gold:   474        SH:  0    Dex: 13    Spells: 8/8 levels left

rFire    . . .     SeeInvis +   a - +1 long sword (flame)
rCold    . . .     Faith    .   (no shield)
rNeg     . . .     Spirit   .   A - +0 acid dragon scales
rPois    .         Reflect  .   (helmet restricted)
rElec    .         Harm     .   f - +0 cloak
rCorr    +         Rampage  .   d - +0 pair of gloves
Will     .....                  (no boots)
Stlth    +.........             (no amulet)
HPRegen  0.23/turn              o - ring of see invisible
MPRegen  0.11/turn              (no ring)

@: no status effects
A: horns 2, retaliatory headbutt
a: Renounce Religion, Berserk, Trog's Hand


You were on level 8 of the Dungeon.
You worshipped Trog.
Trog was most pleased with you.
You visited 1 branch of the dungeon, and saw 8 of its levels.

You collected 474 gold pieces.

Inventory:

Hand Weapons
 a - a +1 long sword of flaming (weapon)
 b - a +0 scimitar
 m - a +0 great sword
Armour
 d - a +0 pair of gloves (worn)
 f - a +0 cloak (worn)
 r - a +2 chain mail of fire resistance
 A - +0 acid dragon scales (worn)
Jewellery
 o - a ring of see invisible (left hand)
 G - an amulet of faith
Wands
 s - a wand of acid (14)
 t - a wand of flame (8)
 u - a wand of iceblast (9)
 x - a wand of digging (2)
 E - a wand of paralysis (4)
Scrolls
 c - 2 scrolls of amnesia {unknown}
 h - 4 scrolls of teleportation
 k - 2 scrolls of noise {unknown}
 n - 2 scrolls of magic mapping {unknown}
 q - 2 scrolls of enchant weapon {unknown}
 y - a scroll of fog {unknown}
 B - a scroll of immolation {unknown}
 F - a scroll of enchant armour {unknown}
Potions
 e - a potion of heal wounds
 g - 2 potions of curing
 i - 2 potions of cancellation
 j - a potion of berserk rage
 l - a potion of flight
 p - 2 potions of lignification {unknown}
 v - 2 potions of degeneration {unknown}
 w - 2 potions of mutation {unknown}
 z - a potion of haste
 C - 2 potions of attraction {unknown}
 D - a potion of resistance {unknown}
 H - a potion of brilliance {unknown}


   Skills:
 + Level 8.2 Fighting
 * Level 10.8 Long Blades
 + Level 7.6 Armour
 + Level 7.0 Dodging


You had 8 spell levels left.
You didn't know any spells.
Your spell library was empty.

Dungeon Overview and Level Annotations

Branches:
Dungeon (8/15)             Temple (0/1) D:4
   Lair: D:8-11

Altars:
Ashenzari
Dithmenos
Elyvilon
Fedhas
Hepliaklqana
Kikubaaqudgha
Nemelex Xobeh
Qazlal
Trog
Wu Jian
Xom
The Shining One

Shops:
D:3 [   D:5 =

Annotations:
D:3 exclusion: oklob plant
D:4 2 transporters, funkygono's ghost, novice GrFE


Innate Abilities, Weirdness & Mutations

You have a pair of horns on your head.
You reflexively headbutt those who attack you in melee.


Message History

You headbutt the orc.
You kill the orc!
Trog accepts your kill.
You slash the centaur zombie! You burn the centaur zombie.
You headbutt the centaur zombie.
The centaur zombie is almost destroyed.
The centaur zombie misses you. You furiously retaliate!
You headbutt the centaur zombie, but do no damage.
You riposte.
You hit the centaur zombie. You burn the centaur zombie.
You destroy the centaur zombie!
Trog accepts your kill.
The orc warrior throws a boomerang.
The boomerang hits you!
The electric eel shoots out a bolt of lightning at you!
The bolt of electricity hits you!
You are too injured to fight recklessly!
You are too injured to fight recklessly!
You are too injured to fight recklessly!
You are too injured to fight recklessly!
You are too injured to fight recklessly!
You are too injured to fight recklessly!
You are too injured to fight recklessly!
You are too injured to fight recklessly!
You are too injured to fight recklessly!
You are too injured to fight recklessly!
You are too injured to fight recklessly!
The electric eel shoots out a bolt of lightning at you!
The bolt of electricity hits you!
The electric eel shoots out a bolt of lightning at you!
The bolt of electricity hits you!
* * * LOW HITPOINT WARNING * * *
The electric eel shoots out a bolt of lightning at you!
The bolt of electricity hits you!
* * * LOW HITPOINT WARNING * * *
There is a stone staircase leading up here.
The electric eel shoots out a bolt of lightning at you!
The bolt of electricity hits you.
* * * LOW HITPOINT WARNING * * *
The orc priest invokes the aid of Beogh against you.
Pain shoots through your body!
You die...

#. #. ###. . ... ###
########.. ♣.## ##.#
#.........
#+#♣..###..###.........
#_#♣#..................
#'#♣.....†@.##.o)......
♣.♣♣..........o........
#....########..;≈..≈≈.≈
#####...# ####.≈≈≈≈≈≈
#.....[.# ;≈≈≈≈≈≈
###.###.#.# ≈≈≈≈≈≈≈
#.....<...# ≈≈≈≈≈P≈
#....##...# #.P...≈
#...>#≈...###### ......


You could see an electric eel and an orc priest.

Vanquished Creatures
  Pikel (D:4)
  Maggie (D:6)
  Grinder (D:3)
  Edmund (D:4)
  Duvessa (D:6)
  3 sky beasts
  An ice beast (D:5)
  A black bear (D:7)
  3 ogres
  A centaur (D:7)
  2 phantoms
  3 lemures (D:4)
  3 bullfrogs (D:6)
  2 scorpions
  Dowan (D:6)
  4 wights (D:8)
  3 howler monkeys
  A bullfrog zombie (D:6)
  4 centaur zombies
  A hound (D:7)
  A bullfrog skeleton (D:6)
  Crazy Yiuf (D:6)
  2 iguanas (D:5)
  2 hound skeletons (D:5)
  9 adders
  An ufetubus (D:5)
  An adder skeleton (D:4)
  A worm (D:3)
  A dart slug (D:2)
  3 orcs
  9 ball pythons
  4 bats
  5 endoplasms
  3 giant cockroaches
  7 goblins
  6 hobgoblins (D:1)
  4 jackals (D:4)
  7 quokkas
  2 frilled lizards
  4 kobolds
  9 rats
120 creatures vanquished.

Vanquished Creatures (others)
  8 plants (D:8)
  15 toadstools (D:3)
23 creatures vanquished.

Grand Total: 143 creatures vanquished

Notes
Turn   | Place    | Note
-------+----------+-------------------------------------------
     0 | D:1      | Borgoz the Minotaur Berserker began the quest for the Orb.
     0 | D:1      | Reached XP level 1. HP: 19/19 MP: 0/0
   205 | D:1      | Reached XP level 2. HP: 27/27 MP: 1/1
   206 | D:1      | Reached skill level 4 in Long Blades
   214 | D:1      | Found a faded altar of an unknown god.
   522 | D:1      | Reached ** piety under Trog
   954 | D:2      | Reached XP level 3. HP: 33/33 MP: 2/2
  1696 | D:2      | Reached XP level 4. HP: 40/40 MP: 3/3
  2069 | D:3      | Found a blossoming altar of Fedhas.
  2092 | D:3      | Noticed an oklob plant
  2158 | D:3      | Found a glowing golden altar of the Shining One.
  2219 | D:3      | Found a sparkling altar of Nemelex Xobeh.
  2332 | D:3      | Found a shadowy altar of Dithmenos.
  2376 | D:3      | Found Evob's Antique Armour Shoppe.
  2546 | D:3      | Found an ancient bone altar of Kikubaaqudgha.
  2597 | D:3      | Noticed Grinder
  2603 | D:3      | Killed Grinder
  2604 | D:3      | Reached skill level 5 in Long Blades
  2604 | D:3      | Reached XP level 5. HP: 47/47 MP: 4/4
  2604 | D:3      | Reached XP level 6. HP: 55/55 MP: 5/5
  2828 | D:4      | Found a staircase to the Ecumenical Temple.
  2924 | D:4      | Found a bloodstained altar of Trog.
  2960 | D:4      | Noticed Pikel
  2984 | D:4      | Killed Pikel
  2985 | D:4      | Reached skill level 5 in Fighting
  2985 | D:4      | Reached skill level 7 in Long Blades
  2985 | D:4      | Reached XP level 7. HP: 16/62 MP: 6/6
  3413 | D:4      | Found a transporter.
  3415 | D:4      | Noticed funkygono's ghost (novice GrFE)
  3419 | D:4      | Found a transporter.
  3456 | D:4      | Reached skill level 5 in Armour
  3482 | D:4      | Found a broken altar of Ashenzari.
  3693 | D:4      | Noticed Edmund
  3701 | D:4      | Killed Edmund
  4001 | D:5      | Entered Level 5 of the Dungeon
  4012 | D:5      | Found Dufu's Jewellery Shop.
  4040 | D:5      | Reached *** piety under Trog
  4041 | D:5      | Reached skill level 8 in Long Blades
  4041 | D:5      | Reached skill level 5 in Dodging
  4041 | D:5      | Reached XP level 8. HP: 70/70 MP: 7/7
  4775 | D:5      | Found a shimmering altar of Xom.
  4976 | D:5      | Reached skill level 9 in Long Blades
  5145 | D:6      | Noticed Duvessa
  5146 | D:6      | Noticed Dowan
  5157 | D:6      | Killed Duvessa
  5157 | D:6      | Noticed Maggie
  5159 | D:6      | Killed Dowan
  5380 | D:6      | Killed Maggie
  5381 | D:6      | Reached XP level 9. HP: 79/79 MP: 8/8
  5639 | D:6      | Reached skill level 10 in Long Blades
  5784 | D:6      | Found an ornate altar of the Wu Jian Council.
  5956 | D:6      | Found a runed translucent door.
  5957 | D:6      | Noticed Crazy Yiuf
  6199 | D:6      | Killed Crazy Yiuf
  6296 | D:7      | Found a stormy altar of Qazlal.
  6669 | D:7      | Found a hazy altar of Hepliaklqana.
  6915 | D:8      | Found the +6 arbalest "Damnation" {damnation}
  7099 | D:8      | Found a white marble altar of Elyvilon.
  7132 | D:8      | Killed from afar by an orc priest

Illustrated notes

Levels and vault maps discovered:
D:1:      psy_arrival_statuary, layout_rooms,
          shapermc_ecumenical_altar_mp_highgroup, hex_medium, bh_walls_and_bars
D:2:      layout_loops_cross, serial_co_window_serial, co_window_paths_a,
          co_window_corner_a, co_window_corner_a, co_window_paths_a,
          co_window_of_opportunity_a, co_window_of_opportunity_a,
          co_window_of_opportunity_b, co_window_corner_ca, co_window_corner_b,
          co_window_broadway_a, co_window_unsneaky_path_b,
          co_window_of_opportunity_c, glass_columns_a, glass_columns_b,
          glass_columns_b, chequers_serial_rivers_micro_d
D:3:      layout_loops_ring, nicolae_overflow_crystal_walls, tgw_fedhas,
          nicolae_dithmenos_shadow_blocks, kiku_gazebo_pond_becter,
          tso_metal_star, serial_shops, nicolae_shop_crystal, uniq_grinder
D:4:      layout_loops_corners, overflow_temple_1_default,
          trog_three_pillars_becter, minmay_temple_entry_glass,
          gammafunk_ghost_mausoleum, uniq_pikel, uniq_edmund
D:5:      layout_basic, xom_teletrap_fun, serial_shops, nicolae_shop_statue_plus
D:6:      layout_basic, pdpol_wu_jian_five_deadly_venoms, patterned_corridor,
          uniq_maggie, uniq_crazy_yiuf_cottage, uniq_duvessa
D:7:      layout_rooms, nicolae_qazlal_style_of_elements,
          worldfamousw_hep_ancestral_shrine, st_stairs_13, minmay_crystal_water,
          kennysheep_decorative_pillar, grunt_ministairs_2,
          minmay_misc_feat_room
D:8:      layout_rooms, kennysheep_mini_moat, hangedman_ru_absence,
          ebering_ghost_rock_garden, minmay_door_square, chequers_big_river,
          chequers_serial_rivers_small_a, nrook_pool_corridor

Skill      XL: |  1  2  3  4  5  6  7  8  9 |
---------------+----------------------------+-----
Long Blades    | 4 5 7 8 9 10 | 10.8
Fighting       | 4 5 6 7 8 |  8.2
Armour         | 3 4 5 6 7 |  7.6
Dodging        | 3 4 5 6 7 |  7.0

Action                   |  1- 3 |  4- 6 |  7- 9 || total
-------------------------+-------+-------+-------++-------
Melee: Falchion          |    67 |    25 |       ||    92
       Headbutt          |    10 |    10 |    40 ||    60
       Scimitar          |       |    34 |    93 ||   127
       Long sword        |       |       |    69 ||    69
Invok: Berserk           |       |     2 |     4 ||     6
       Trog's Hand       |       |       |     1 ||     1
  Use: Scroll            |       |       |     6 ||     6
       Potion            |       |       |     1 ||     1
 Stab: Sleeping          |     1 |     1 |       ||     2
Armor: Animal skin       |    13 |    13 |    17 ||    43
       Acid dragon scale |       |       |    36 ||    36
Dodge: Dodged            |    60 |    34 |   110 ||   204
       Rpst.: Falchion   |    13 |     4 |       ||    17
       Scimitar          |       |     3 |    15 ||    18
       Long sword        |       |       |     9 ||     9
